 Dungeon Crawl Stone Soup version 0.29-a0-96-g93358da72b (webtiles) character file.

Game seed: 2119435900962787763

16 cyrus the Caller (level 2, -2/13 (15) HPs)
             Began as a Vampire Summoner on Feb 11, 2022.
             Was a Follower of Fedhas.
             Slain by Terence (9 damage)
             ... on level 2 of the Dungeon.
             The game lasted 00:05:32 (1349 turns).

cyrus the Caller (Vampire Summoner)                 Turns: 1349, Time: 00:05:33

HP:   -2/13 (15)    AC:  2    Str:  7    XL:     2   Next: 41%
MP:   4/5           EV: 12    Int: 17    God:    Fedhas [*.....]
Gold: 58            SH:  0    Dex: 14    Spells: 4/5 levels left

rFire   . . .      SeeInvis +   f - +0 trident
rCold   . . .      Faith    .   (no shield)
rNeg    . . .      Spirit   .   a - +0 robe
rPois   .          Reflect  .   (no helmet)
rElec   .          Harm     .   (no cloak)
rCorr   .          Rampage  .   (no gloves)
Will    .....                   (no boots)
Stlth   ++........              (no amulet)
HPRegen 0.24/turn               (no ring)
MPRegen 0.09/turn               (no ring)

@: healing quickly, heavily drained
A: alive, fangs 3, see invisible, vampiric 1, [frail 2]
a: Exsanguinate, Renounce Religion


You were on level 2 of the Dungeon.
You worshipped Fedhas.
Fedhas was aware of your devotion.
You visited 1 branch of the dungeon, and saw 2 of its levels.

You collected 58 gold pieces.

Inventory:

Hand Weapons
 e - a +0 dagger
 f - a +0 trident (weapon)
Missiles
 k - 38 stones
Armour
 a - a +0 robe (worn)
Scrolls
 b - a scroll of magic mapping {unknown}
 c - a scroll of torment {unknown}
 g - a scroll of immolation {unknown}
 i - a scroll of summoning {unknown}
 j - a scroll of identify {unknown}
Potions
 d - a potion of ambrosia {unknown}
 h - a potion of curing {unknown}
 l - a potion of brilliance {unknown}


   Skills:
 + Level 0.2 Short Blades
 + Level 2.2 Dodging
 + Level 3.2 Stealth
 + Level 2.2 Spellcasting
 + Level 4.3 Summonings


You had 4 spell levels left.
You knew the following spells:

 Your Spells              Type           Power      Damage    Failure   Level
a - Summon Small Mammal   Summ           64%        N/A       3%          1

Your spell library contained the following spells:

 Spells                   Type           Power      Damage    Failure   Level
 Call Imp                 Summ           16%        N/A       4%          2
 Call Canine Familiar     Summ           16%        N/A       10%         3
 Freeze                   Ice            4%         1d3       19%         1
 Summon Guardian Golem    Hex/Summ       9%         N/A       22%         3
 Frozen Ramparts          Ice            2%         1d2       50%         3
 Summon Lightning Spire   Summ/Air       9%         N/A       58%         4
 Hailstorm                Conj/Ice       1%         3d3       88%         4


Dungeon Overview and Level Annotations

Branches:
Dungeon (2/15)

Altars:
Fedhas
Yredelemnul

Annotations:
D:2 Terence


Innate Abilities, Weirdness & Mutations

Your natural rate of healing is accelerated.
You have razor-sharp teeth.
You have supernaturally acute eyesight. (SInv)
You are afflicted with vampirism.
[You are very frail. (-20% HP)]


Message History

You see here a rat corpse.
Your bat disappears in a puff of smoke!
Magic restored.
Terence the Incautious comes into view.
He is wielding the +7 Throatcutter {drain, coup de grace}.
Found a basalt altar of Yredelemnul.
Terence shouts!
You hear an angry hiss.
Terence moves out of view.
Terence and a frilled lizard come into view.
Terence is wielding the +7 Throatcutter {drain, coup de grace}.
Casting: Summon Small Mammal (safe; 3% risk of failure)
Confirm with . or Enter, or press ? or * to list all spells.
You don't know that spell.
Unknown command.
Memorise Call Imp, consuming 2 spell levels and leaving 2?
You start memorising the spell.
You continue memorising. x2
Terence hits you with the +7 Throatcutter {drain, coup de grace}.
Your memorisation is interrupted.
You feel drained.
Casting: Summon Small Mammal (safe; 3% risk of failure)
Confirm with . or Enter, or press ? or * to list all spells.
Terence hits you with the +7 Throatcutter {drain, coup de grace}.
You feel drained.
The frilled lizard closely misses your bat.
Your bat barely misses Terence.
Something bites your bat.
Your bat closely misses Terence.
The frilled lizard bites your bat.
Your bat dies!
Your bat's corpse disappears in a puff of smoke!
Terence closely misses you.
Casting: Summon Small Mammal (safe; 3% risk of failure)
Confirm with . or Enter, or press ? or * to list all spells.
You don't know that spell.
Okay, then.
Casting: Summon Small Mammal (safe; 3% risk of failure)
Confirm with . or Enter, or press ? or * to list all spells.
Okay, then.
You hit Terence. You bite Terence, but do no damage.
Terence is moderately wounded.
Terence hits you with the +7 Throatcutter {drain, coup de grace}!
Ouch! That really hurt!
You die...
Fedhas appreciates your contribution to the ecosystem.

....#.# ........#
...#..## #.......#
....... #.# ..##.#
#.# ..#.# #B# ...#
##### #l#
..#####...### #.#
..##........######.#
.........^..†...@@.#
.............#######
#..###....#..# ...#
#..###..# ##.# #..#
#..# ##...#.# #..#
#..... ...#
#....####.# #..###
#.#


You could see Terence.

Vanquished Creatures
  A goblin (D:1)
  A jackal (D:1)
  A bat (D:1)
  A kobold (D:1)
  2 rats
6 creatures vanquished.

Vanquished Creatures (collateral kills)
  A ball python (D:1)
  A goblin (D:1)
  2 hobgoblins (D:1)
  3 jackals (D:1)
  A frilled lizard (D:1)
  A rat (D:1)
9 creatures vanquished.

Grand Total: 15 creatures vanquished

Notes
Turn   | Place    | Note
-------+----------+-------------------------------------------
     0 | D:1      | cyrus the Vampire Summoner began the quest for the Orb.
     0 | D:1      | Reached XP level 1. HP: 13/13 MP: 3/3
   184 | D:1      | Found a faded altar of an unknown god.
   192 | D:1      | Prayed at the altar of an unknown god.
   192 | D:1      | Became a worshipper of Fedhas Madash
   192 | D:1      | Reached * piety under Fedhas
   415 | D:1      | Reached XP level 2. HP: 8/15 MP: 1/5
  1335 | D:2      | Found a basalt altar of Yredelemnul.
  1335 | D:2      | Noticed Terence
  1349 | D:2      | Slain by Terence

Illustrated notes

Levels and vault maps discovered:
D:1:      dpeg_arrival_tiny_d, layout_basic,
          shapermc_ecumenical_altar_totnotflames, serial_corexii_hall,
          corexii_hall_statues_l, corexii_hall_statues_i,
          chequers_hall_statues_y, hangedman_decor_growths,
          chequers_serial_rivers_room_a
D:2:      layout_loops_ring, basic_altar, serial_shops, shop,
          chequers_serial_rivers_marsh, uniq_terence

Action                   || total
-------------------------++-------
Melee: Dagger            ||    24
       Bite              ||     8
       Trident           ||    11
 Cast: Summon Small Mamm ||    16
 Abil: Exsanguinate      ||     2
       Revivify          ||     2
Armor: Robe              ||    10
Dodge: Dodged            ||    62

Table legend: (Time is in decaauts)
 A = Elapsed time spent in this place.
 B = Non-inter-level travel time spent in this place.
 C = Inter-level travel time spent in this place.
 D = Time resting spent in this place.
 E = Time spent auto-exploring this place.
 F = Levels seen in this place.
 G = Mean time per level.
                   A        B        C        D        E       F      G
               +--------+--------+--------+--------+--------+-----+--------+
         Total |   1350 |   1348 |      2 |    379 |    623 |   2 |  675.0 |
       Dungeon |   1350 |   1348 |      2 |    379 |    623 |   2 |  675.0 |
               +--------+--------+--------+--------+--------+-----+--------+

Top non-repeatable levels by time:
     D:1: 1281 daAuts
     D:2: 69 daAuts
